AoeStats
← .I.

MegaRandom

510623613Analyzed
4v4 RM · 2d ago on Oct 1, 2026· 29m 23s· 8 players
Game mode
Random Map
Map size
Large (8 player)
Population
200
Speed
Normal
Resources
Standard
Victory
Conquest
Starting age
Dark Age
Ending age
Imperial Age
RankedLock teamsTeams togetherTeam positionsShared explorationLock speedFull tech treeHidden civsTurbo modeCheats
Victory
Defeat
🇵🇱 Saxons · Poland
1443
+11
🇵🇱 Lithuanians · Poland
1440
+11
🇵🇱 Mongols · Poland
1379
+14
🇳🇱 Britons · Netherlands
1083
+26
🇬🇧 Portuguese · United Kingdom
1373
-17
🇫🇷 Persians · France
1363
-17
🇨🇴 Aztecs · Colombia
1310
-15
🇳🇱 Britons · Netherlands
1258
-13
Oden
6:15 Loom
8:51 Feudal Age
16:32 Wheelbarrow
16:45 Scale Barding Armor
17:02 Forging
22:40 Castle Age
22:02 Bloodlines
21:52 Horse Collar
22:00 Double-Bit Axe
23:12 Scale Barding Armor
28:31 Husbandry
.I.
0:46 Loom
9:28 Feudal Age
10:01 Double-Bit Axe
13:03 Fletching
13:28 Padded Archer Armor
19:14 Wheelbarrow
23:08 Castle Age
21:09 Horse Collar
22:24 Gold Mining
23:14 Crossbowman
24:09 Bow Saw
25:56 Bodkin Arrow
26:38 Ballistics
Sunbather
0:33 Loom
10:20 Feudal Age
11:28 Double-Bit Axe
12:25 Horse Collar
21:02 Castle Age
20:25 Scale Barding Armor
20:32 Forging
20:43 Bloodlines
20:28 Town Watch
20:55 Town Watch
22:08 Wheelbarrow
21:55 Bow Saw
23:24 Husbandry
Chancellor Lizard
0:33 Loom
11:02 Feudal Age
17:33 Fletching
18:54 Padded Archer Armor
19:46 Wheelbarrow
23:26 Scale Mail Armor
26:47 Castle Age
25:36 Forging
26:34 Gold Mining
26:53 Crossbowman
27:31 Bodkin Arrow
28:00 Double-Bit Axe
28:50 Stone Mining
29:27 Ballistics
30:09 Leather Archer Armor
Dawidowww
0:36 Loom
9:54 Feudal Age
11:26 Horse Collar
20:26 Bloodlines
26:01 Castle Age
27:50 Wheelbarrow
jendrooh
8:41 Loom
10:49 Feudal Age
14:12 Double-Bit Axe
16:38 Castle Age
18:07 Bow Saw
21:09 Crossbowman
24:08 Fletching
24:20 Padded Archer Armor
25:55 Squires
26:00 Pikeman
27:27 Leather Archer Armor
27:46 Ballistics
GwizdeK
0:46 Loom
8:08 Loom
10:37 Feudal Age
11:30 Double-Bit Axe
13:02 Horse Collar
20:56 Castle Age
19:04 Gold Mining
21:16 Bloodlines
21:12 Scale Barding Armor
21:17 Forging
24:38 Chain Barding Armor
26:38 Husbandry
28:12 Iron Casting
Twist
0:38 Loom
9:48 Feudal Age
17:07 Castle Age
19:14 Scale Mail Armor
19:13 Double-Bit Axe
22:34 Squires
22:41 Arson
26:22 Fletching
29:17 Forging
Connection lost

Rejoining the realm…

Still unreachable

The connection could not be restored.

Session expired

The server has moved on; the page needs a fresh start.